cohdb
Replays
Latest Replays
All Replays
Popular Replays
Top Player Replays
Match Explorer
How It Works
Community
CoH3 Stats
Reddit
Sign in to upload your games and track your stats! →
Sign in with Steam
Match 40587283
Unlisted
Match 40587283
Overview
Messages
Build Orders
End
Panzergrenadier Squad
250 Light Carrier
Selects Panzerjäger Kommand Battlegroup
250 Light Carrier
Panzerpioneer Squad
Construct Light Support Kompanie
Combat Half-tracks
Selects GrB 39 Grenade Launcher Requisition
Panzerjäger Squad
Fire Support Elements
Pak 38 Mechanized Group
Construct Panzerarmee Kommand
Pak 38 Anti-tank Gun Team
Selects Mine Fields
MG34 Team
[EC] tribecalledbrett
看个鸟
[EC] Comrade Sniper
Woolridge
Particycles
Howi
icecube
3xOG
0
0
Comments
sign in to comment!
No comments posted yet!